 Dungeon Crawl Stone Soup version 0.31.0-11-ge490571c62 (webtiles) character file.

Game seed: 10943341788562843880

794 qw the Shooter (level 7, -2/35 HPs)
             Began as a Spriggan Hunter on Feb 5, 2024.
             Killed by nerve-wracking pain
             ... invoked by an orc priest
              (11 damage)
             ... on level 4 of the Dungeon.
             The game lasted 00:00:13 (2934 turns).

qw the Shooter (Spriggan Hunter)                    Turns: 2934, Time: 00:00:14

Health: -2/35      AC:  2    Str: 13    XL:     7   Next: 58%
Magic:  8/8        EV: 22    Int: 10    God:
Gold:   1046       SH:  0    Dex: 21    Spells: 6/6 levels left

rFire   . . .        a - +1 shortbow (freeze)
rCold   . . .        (shield currently unavailable)
rNeg    . . .        c - +0 robe
rPois   .            (helmet restricted)
rElec   .            (no cloak)
rCorr   .            (gloves unavailable)
SInv    +            (boots unavailable)
Will    ++...        (no amulet)
Stlth   ++           d - ring of willpower
HPRegen 0.25/turn    h - +6 ring of strength
MPRegen 0.11/turn

%: no passive effects
@: very quick
A: very small, no large weapons, unfitting armour, see invisible, speed 3
a: no special abilities


You were on level 4 of the Dungeon.
You visited 1 branch of the dungeon, and saw 4 of its levels.
You also visited: Ossuary.

You collected 1046 gold pieces.


Innate Abilities, Weirdness & Mutations

You are very small and have problems with some larger weapons.
You are too small for most types of armour.
You have supernaturally acute eyesight. (SInv)
You cover ground extremely quickly. (Speed+++)


   Skills:
 - Level 2.1 Fighting
 + Level 7.8 Ranged Weapons
 - Level 7.0 Dodging
 - Level 1.5 Stealth


You had 6 spell levels left.
You didn't know any spells.
Your spell library was empty.

Inventory:

Hand Weapons
 a - a +1 shortbow of freezing (weapon)
Armour
 c - a +0 robe (worn)
Jewellery
 d - a ring of willpower (left hand)
 h - a +6 ring of strength (right hand)
 n - a ring of ice
Scrolls
 b - a scroll of fog {unknown}
 e - a scroll of identify
Potions
 f - 4 potions of might
 g - a potion of berserk rage {unknown}
 l - a potion of heal wounds

Dungeon Overview and Level Annotations

Branches:
Dungeon (4/15)            Ossuary (visited)
 Temple: D:4-7

Altars:
Ashenzari
Elyvilon
Gozag
Uskayaw
Vehumet

Shops:
D:1 :


Message History

There is an open door here.
As you open the door, it creaks loudly!
You hear an angry hiss.
You hear a shout! x3
Found 6 stones.
A ball python, an orc priest and 2 orcs come into view.
Found a potion of curing.
The orc priest shouts!
The orc shouts!
The orc priest mumbles some strange prayers to Beogh against you.
Beogh smites you!
The ball python hisses angrily.
There is an open door here.
You shoot an arrow. The arrow barely misses the orc priest.
You shoot an arrow. The arrow hits the ball python.
The arrow freezes the ball python.
You kill the ball python!
You shoot an arrow. The arrow hits the orc priest.
The arrow freezes the orc priest.
The orc priest is moderately wounded.
You shoot an arrow. The arrow barely misses the orc priest.
The arrow hits the orc.
The arrow freezes the orc.
You kill the orc!
The orc priest calls down the wrath of Beogh upon you.
Pain shoots through your body!
You shoot an arrow. The arrow hits the orc priest.
The arrow freezes the orc priest.
The orc priest is severely wounded.
You shoot an arrow. The arrow hits the orc.
The arrow freezes the orc.
The orc is moderately wounded.
The orc closely misses you.
You shoot an arrow.
The arrow completely misses the orc priest.
The orc closely misses you.
The orc priest hits you with a +0 flail.
You shoot an arrow. The arrow hits the orc priest.
The arrow freezes the orc priest.
The orc priest is severely wounded.
The orc hits you with a +0 short sword.
The orc priest calls down the wrath of Beogh upon you.
Pain shoots through your body!
You die...

*,****,,#######
*,,,**,,#......
*,,,,#,,#......
####*,,!+,,#......
#..#*,.#*,,#......
#..##..##,,#.....#
#(..)....,,#.....#
#oo......,,#.....'
##@##########.....#
#..................
#..................
#..................
#..................
#..................
#..................
###'###########+###
#.....#...........


You could see an orc priest and an orc.

Vanquished Creatures
  A weeping skull (Ossuary)
  6 water moccasin zombies (Ossuary)
  2 bombardier beetles
  A gnoll bouda (D:4)
  An iguana (D:4)
  2 crocodile zombies (Ossuary)
  3 mummies
  3 gnolls (D:4)
  6 adders
  6 adder zombies (Ossuary)
  2 dart slugs
  A ribbon worm (D:3)
  2 orcs
  8 endoplasms
  3 giant cockroaches
  5 goblins
  8 hobgoblins
  3 jackals (D:2)
  A quokka (D:1)
  4 ball pythons
  9 bats
  A frilled lizard (D:2)
  5 gnoll zombies (Ossuary)
  2 jackal zombies (Ossuary)
  7 kobolds
  6 orc zombies (Ossuary)
  7 rats
105 creatures vanquished.

Notes
Turn   | Place    | Note
-------+----------+-------------------------------------------
     0 | D:1      | qw the Spriggan Hunter began the quest for the Orb.
     0 | D:1      | Reached XP level 1. HP: 10/10 MP: 2/2
     0 | D:1      | 0 ||| qw: Version: 0.3-a-160-g6735b56
     0 | D:1      | 0 ||| qw: Game counter: 6126
     0 | D:1      | 0 ||| qw: Melee chars always use a shield: true
     0 | D:1      | 0 ||| qw: God list: Okawaru
     0 | D:1      | 0 ||| qw: Allow faded altars: false
     0 | D:1      | 0 ||| qw: Do Orc after clearing Dungeon:15 true
     0 | D:1      | 0 ||| qw: Do second Lair branch before Depths: true
     0 | D:1      | 0 ||| qw: Lair rune preference: random
     0 | D:1      | 0 ||| qw: Goals: Normal
     0 | D:1      | 0 ||| PLANNING D:1-11
    25 | D:1      | Reached skill level 3 in Dodging
   130 | D:1      | Reached XP level 2. HP: 13/14 MP: 3/3
   603 | D:1      | Found Wops's Book Boutique.
   628 | D:1      | 628 ||| UPGRADING to ring of willpower.
   629 | D:1      | 629 ||| READING scroll labelled BUTOAS YWOSCH.
   629 | D:1      | 629 ||| ENCHANTING +0 shortbow.
   630 | D:1      | 630 ||| DROPPING scroll of butterflies.
   658 | D:2      | Reached XP level 3. HP: 18/18 MP: 4/4
   873 | D:2      | Reached XP level 4. HP: 22/22 MP: 5/5
  1057 | D:2      | 1057 ||| UPGRADING to +6 ring of strength.
  1058 | D:2      | 1058 ||| READING scroll labelled ULOZ SIODUR.
  1058 | D:2      | 1058 ||| IDENTIFYING purple potion
  1059 | D:2      | 1059 ||| READING scroll labelled TALUET JALOMPU.
  1059 | D:2      | 1059 ||| ENCHANTING +1 shortbow.
  1060 | D:2      | 1060 ||| READING scroll labelled FAMOAGGALIW.
  1061 | D:2      | 1061 ||| READING scroll labelled FEFAKU JEMOYLO.
  1162 | D:2      | 1162 ||| READING scroll labelled CEM ZAMYPE.
  1392 | D:3      | Found a radiant altar of Vehumet.
  1643 | D:3      | Found a white marble altar of Elyvilon.
  1645 | D:3      | Found a hide-covered altar of Uskayaw.
  1646 | D:3      | Found an opulent altar of Gozag.
  1646 | D:3      | Found a broken altar of Ashenzari.
  1660 | D:3      | Reached XP level 5. HP: 25/25 MP: 6/6
  1785 | D:3      | 1785 ||| READING scroll labelled XERGHA NAEG.
  1785 | D:3      | Identified a scroll of acquirement
  1785 | D:3      | 1785 ||| ACQUIRING 836 gold pieces
  1785 | D:3      | Acquired 836 gold pieces
  1787 | D:3      | 1787 ||| READING scroll labelled WAORYO FIBU.
  1792 | D:3      | 1792 ||| READING scroll labelled MENECUMUDI.
  1793 | D:3      | 1793 ||| READING scroll labelled WEOH RYGESYEJI.
  1793 | D:3      | 1793 ||| BRANDING +1 shortbow.
  1794 | D:3      | 1794 ||| DRINKING 2 sedimented cyan potions.
  1795 | D:3      | 1795 ||| DRINKING 2 black potions.
  1834 | D:3      | 1834 ||| DRINKING 2 brown potions.
  1835 | D:3      | 1835 ||| DROPPING potion of degeneration.
  1836 | D:3      | 1836 ||| DROPPING potion of lignification.
  1866 | D:4      | 1866 ||| PLANNING OSSUARY
  2009 | D:4      | Reached skill level 6 in Ranged Weapons
  2009 | D:4      | Reached XP level 6. HP: 15/30 MP: 7/7
  2140 | D:4      | Found a sand-covered staircase.
  2148 | D:4      | 2148 ||| READING scroll labelled YMITZU MYUHUSI.
  2149 | D:4      | 2149 ||| READING scroll labelled LEAWEPPE QEIBO.
  2155 | Ossuary  | Entered an ossuary
  2169 | Ossuary  | HP: 6/30 [crocodile zombie (6)]
  2170 | Ossuary  | 2170 ||| DRINKING potion of heal wounds.
  2180 | Ossuary  | Reached skill level 6 in Dodging
  2266 | Ossuary  | HP: 6/30 [water moccasin zombie (6)]
  2405 | Ossuary  | Reached XP level 7. HP: 22/35 MP: 8/8
  2717 | Ossuary  | 2717 ||| READING 2 scrolls of identify.
  2717 | Ossuary  | 2717 ||| IDENTIFYING fuming blue potion
  2718 | Ossuary  | 2718 ||| READING scroll of identify.
  2718 | Ossuary  | 2718 ||| IDENTIFYING white potion
  2719 | Ossuary  | 2719 ||| READING scroll labelled SONTAC HADE.
  2720 | Ossuary  | 2720 ||| DRINKING 2 grey potions.
  2721 | Ossuary  | 2721 ||| DRINKING 2 coppery potions.
  2722 | Ossuary  | 2722 ||| DRINKING potion of curing.
  2722 | Ossuary  | 2722 ||| (to cure confusion)
  2723 | Ossuary  | 2723 ||| DROPPING potion of brilliance.
  2724 | Ossuary  | 2724 ||| DROPPING potion of attraction.
  2725 | Ossuary  | 2725 ||| DROPPING potion of ambrosia.
  2733 | D:4      | 2733 ||| PLANNING D:1-11
  2934 | D:4      | Killed from afar by an orc priest

Levels and vault maps discovered:
D:1:      shiori_shiawase, layout_basic, serial_shops,
          nicolae_shop_back_alley_shop, minmay_box_of_dots
D:2:      layout_rooms
D:3:      layout_loops_cross, mainiacjoe_overflow_24_doors,
          grunt_temple_overflow_open
D:4:      layout_gridville, gup_ossuary_entry_pyramid

Skill      XL: |  1  2  3  4  5  6  7 |
---------------+----------------------+-----
Dodging        | 3 4 5 6 7 |  7.0
Ranged Weapons | 5 6 7 |  7.8
Fighting       | 2 |  2.1
Stealth        | |  1.5

Action                     |  1- 3 |  4- 6 |  7- 9 || total
---------------------------+-------+-------+-------++-------
   Fire: Shortbow          |    78 |   198 |    81 ||   357
    Use: Scroll            |     1 |    11 |     3 ||    15
         Potion            |       |     4 |     3 ||     7
 Armour: Robe              |     7 |    33 |    14 ||    54
  Dodge: Dodged            |     9 |    90 |    39 ||   138

Table legend:
 A = Non-vault XP
 B = Vault XP
 C = Vault XP percentage of total XP
 D = Non-vault monster count
 E = Vault monster count
 F = Vault count percentage of total count
                 A         B        C        D         E       F
            +---------+---------+-------+---------+---------+-------
      Total |     404 |     731 |  64.4 |      72 |      33 |  31.4
            +---------+---------+-------+---------+---------+-------
        D:1 |      37 |       2 |   5.1 |      23 |       2 |   8.0
        D:2 |      88 |       0 |   0.0 |      17 |       0 |   0.0
        D:3 |      75 |       0 |   0.0 |      14 |       0 |   0.0
        D:4 |     204 |      21 |   9.3 |      18 |       1 |   5.3
    Ossuary |       0 |     708 | 100.0 |       0 |      30 | 100.0
            +---------+---------+-------+---------+---------+-------
